cohdb
Replays
Latest Replays
All Replays
Popular Replays
Top Player Replays
Match Explorer
How It Works
Community
CoH3 Stats
Reddit
Sign in to upload your games and track your stats! →
Sign in with Steam
Match 45352855
Unlisted
Match 45352855
Overview
Messages
Build Orders
End
Engineer Squad
Construct Barracks
Selects Armored Battlegroup
Selects Veteran Crews
Riflemen Squad
1⁄4-ton 4x4 Truck
Riflemen Squad
Infantry Support Center
Construct Motor Pool
Selects Strength in Steel
M8 Greyhound Armored Car
Engineer Squad
Construct Medical Station
M1918 Browning Automatic Rifles
Grenade Package
Selects M31 Recovery Vehicle
Selects War Machine
M1 Anti-tank Gun Team
Riflemen Squad
Construct Tank Depot
M1 Anti-tank Gun Team
Selects Seek and Destroy
Selects UNKNOWN (2160077)
M4A3E8 Sherman Easy Eight
Riflemen Squad
M1 Anti-tank Gun Team
M4A3E8 Sherman Easy Eight
M1 Anti-tank Gun Team
Riflemen Squad
K. Ronaldo
NotQuiteAKing
RUKAclDCッ
Ashur
0
0
Comments
sign in to comment!
No comments posted yet!